 Dungeon Crawl Stone Soup version 0.27.1-4-g1640c2035a (webtiles) character file.

Game seed: 16961386406813279265

25 wormholer the Poker (level 2, 0/25 HPs)
             Began as a Minotaur Gladiator on Nov 18, 2021.
             Was a Believer of Lugonu.
             Slain by a worm (2 damage)
             ... on level 2 of the Dungeon.
             The game lasted 00:19:58 (1765 turns).

wormholer the Poker (Minotaur Gladiator)            Turns: 1765, Time: 00:19:58

Health: 0/25       AC:  3    Str: 18    XL:     2   Next: 86%
Magic:  1/1        EV: 12    Int:  5    God:    Lugonu [**....]
Gold:   111        SH:  0    Dex: 11    Spells: 1/1 levels left

rFire    + . .     SeeInvis .   n - staff of fire
rCold    . . .     Faith    .   (no shield)
rNeg     . . .     Spirit   .   b - +0 leather armour
rPois    .         Reflect  .   c - +0 hat
rElec    .         Harm     .   (no cloak)
rCorr    .         Rampage  .   (no gloves)
Will     .....                  (no boots)
Stlth    +.........             (no amulet)
HPRegen  0.08/turn              s - ring of flight
MPRegen  0.07/turn              (no ring)

@: flying
A: horns 2, retaliatory headbutt
a: Renounce Religion, Depart the Abyss, Bend Space


You were on level 2 of the Dungeon.
You worshipped Lugonu.
Lugonu was pleased with you.
You visited 1 branch of the dungeon, and saw 2 of its levels.

You collected 111 gold pieces.

Inventory:

Hand Weapons
 a - a +0 trident
 e - a +0 dagger
 l - a +0 mace
 m - a +0 dagger
 p - a +0 quarterstaff
 q - a +0 whip
 t - a +0 club
Missiles
 d - 3 throwing nets
 h - 21 sling bullets
 i - 40 stones
 j - 15 poisoned darts (quivered)
Armour
 b - a +0 leather armour (worn)
 c - a +0 hat (worn)
 g - a +0 ring mail
 k - a +0 robe
 o - a +0 pair of gloves
Magical Staves
 n - a staff of fire (weapon)
Jewellery
 s - a ring of flight (left hand)
Scrolls
 f - a scroll of teleportation
 r - a scroll of identify


   Skills:
 + Level 2.6 Fighting
 + Level 4.1 Polearms
 + Level 2.3 Throwing
 + Level 0.6 Armour
 + Level 3.6 Dodging


You had one spell level left.
You didn't know any spells.
Your spell library contained the following spells:

 Spells                   Type           Power      Damage    Failure   Level
 Animate Skeleton         Necr           0%         N/A       54%         1
 Pain                     Necr           0%         1d4       54%         1
 Vampiric Draining        Necr           0%         2d6       88%         3
 Conjure Ball Lightning   Conj/Air       0%         3x3d6     100%        6
 Discord                  Hex            0%         N/A       100%        8
 Disjunction              Tloc           0%         N/A       100%        8


Dungeon Overview and Level Annotations

Branches:
Dungeon (2/15)

Altars:
Cheibriados
Lugonu

Shops:
D:1 =


Innate Abilities, Weirdness & Mutations

You have a pair of horns on your head.
You reflexively headbutt those who attack you in melee.


Message History

It is a scroll of identify.
You don't have any unidentified items.
Okay, then.
You are too injured to fight recklessly!
You are too injured to fight recklessly!
You are too injured to fight recklessly!
Okay, then.
You remove your ring of flight.
You float gracefully downwards.
You aren't wearing any rings or amulets.
Unknown command.
You fly up into the air.
s - a ring of flight (left hand) Setting a skill training target for Staves at 12.0.
n - a staff of fire (weapon)
Found 14 gold pieces.
You now have 97 gold pieces (gained 17).
You now have 111 gold pieces (gained 14).
You see here a +0 ring mail.
g - a +0 ring mail You see here a +0 robe.
k - a +0 robe You see here a +0 pair of gloves.
o - a +0 pair of gloves You see here a +0 club.
t - a +0 club The worm closely misses you.
You are too injured to fight recklessly!
You hit the worm.
The worm is lightly wounded.
The worm bites you.
* * * LOW HITPOINT WARNING * * *
You hit the worm but do no damage. You headbutt the worm!
The worm is heavily wounded.
You hit the worm.
The worm is heavily wounded.
The worm barely misses you. You furiously retaliate!
You headbutt the worm. You hit the worm but do no damage.
The worm is heavily wounded.
The worm bites you.
You die...

#. .. ## ## ## .. .## #
##. ..# . .. #.# .
.####.# . #.#...# .
###.##..# #.w@..#.#
+..##.###.## .# ...
#... #.#.#..# .#.....
#..####..##.#
........##..#........#
#...............#######
..#.......#####.# #
#.....#.....†.# #
#.....###..####


You could see a worm.

Vanquished Creatures
  An adder (D:2)
  A dart slug (D:2)
  2 endoplasms (D:1)
  2 giant cockroaches (D:2)
  A goblin (D:1)
  2 jackals (D:1)
  A ball python (D:2)
  A frilled lizard (D:1)
  A kobold (D:2)
  3 rats
15 creatures vanquished.

Notes
Turn   | Place    | Note
-------+----------+-------------------------------------------
     0 | D:1      | wormholer the Minotaur Gladiator began the quest for the
                  | Orb.
     0 | D:1      | Reached XP level 1. HP: 18/18 MP: 0/0
   107 | D:1      | Found Totam's Jewellery Emporium.
   413 | D:1      | Reached XP level 2. HP: 20/25 MP: 1/1
  1467 | D:2      | Found a snail-covered altar of Cheibriados.
  1480 | D:2      | Reached skill level 4 in Polearms
  1586 | D:2      | Found a faded altar of an unknown god.
  1602 | D:2      | Became a worshipper of Lugonu the Unformed
  1602 | D:2      | Reached * piety under Lugonu
  1602 | D:2      | Reached ** piety under Lugonu
  1712 | D:2      | HP: 1/25 [poisoned by an adder]
  1765 | D:2      | Slain by a worm

Illustrated notes

Levels and vault maps discovered:
D:1:      lightli_arrival_lavapool, layout_basic, serial_shops,
          nicolae_square_shop, minmay_misc_feat_pillars
D:2:      layout_basic, basic_altar, shapermc_ecumenical_altar_pompeii,
          minmay_octomino_j4

Skill      XL: |  1  2 |
---------------+-------+-----
Polearms       | 4 |  4.1
Fighting       | |  2.6
Throwing       | |  2.3
Armour         | |  0.6
Dodging        | |  3.6

Action                   || total
-------------------------++-------
Melee: Trident           ||    23
       Headbutt          ||     4
       Staff             ||     4
Throw: Dart              ||    18
  Use: Scroll            ||     4
       Potion            ||     1
Armor: Leather armour    ||     7
Dodge: Dodged            ||    19
